 Dungeon Crawl Stone Soup version 0.22-a0-558-gc2241811a9 (webtiles) character file.

1094 Hercules1031 the Shooter (level 8, 0/66 HPs)
             Began as a Centaur Hunter on June 27, 2018.
             Was an Initiate of Qazlal.
             Slain by a bullfrog (6 damage)
             ... on level 7 of the Dungeon.
             The game lasted 00:21:39 (4330 turns).

Hercules1031 the Shooter (Centaur Hunter)           Turns: 4330, Time: 00:21:39

Health: 0/66       AC:  0    Str: 14    XL:     8   Next: 9%
Magic:  8/8        EV: 10    Int: 10    God:    Qazlal [......]
Gold:   408        SH:  0    Dex: 13    Spells: 7/7 levels left

rFire    + + .     SeeInvis +   a - +1 shortbow
rCold    x . .     Gourm    .   (shield currently unavailable)
rNeg     + + .     Faith    .   B - +2 ring mail of Aqoyniots {rN++ Slay+3 SInv}
rPois    .         Spirit   .   (no helmet)
rElec    .         Reflect  .   (no cloak)
rCorr    .         Harm     .   (no gloves)
MR       .....                  (no barding)
Stlth    ..........             (no amulet)
HPRegen  0.21/turn              g - ring of protection from fire
MPRegen  0.11/turn              t - ring of fire

@: lethally poisoned (0 -> 0), corroded, very quick
A: large, hooves 3, deformed body, speed 2, tough skin 3
a: Renounce Religion


You were on level 7 of the Dungeon.
You worshipped Qazlal.
Qazlal was noncommittal.
You were not hungry.

You visited 2 branches of the dungeon, and saw 8 of its levels.

You collected 408 gold pieces.

Inventory:

Hand Weapons
 a - a +1 shortbow (weapon)
 b - a +0 short sword
 C - a +0 long sword of holy wrath
Missiles
 d - 81 arrows (quivered)
Armour
 c - a +0 leather armour
 h - a +0 scale mail
 B - the +2 ring mail of Aqoyniots (worn) {rN++ Slay+3 SInv}
   (You found it on level 4 of the Dungeon)

   It affects your accuracy and damage with ranged weapons and melee attacks
   (+3).
   It greatly protects you from negative energy.
   It lets you see invisible.
Jewellery
 g - a ring of protection from fire (left hand)
 l - a cursed ring of teleportation
 t - a ring of fire (right hand)
 y - an uncursed ring of stealth
 z - an uncursed ring of ice
Wands
 s - a wand of polymorph (18)
 x - a wand of flame (27)
Scrolls
 i - 2 scrolls of fear {unknown}
 j - 3 scrolls of remove curse {unknown}
 k - 4 scrolls of teleportation {unknown}
 p - 2 scrolls of amnesia {unknown}
 q - 2 scrolls of enchant weapon {unknown}
 F - a scroll of vulnerability {unknown}
 G - a scroll of magic mapping {unknown}
Potions
 m - 2 potions of might
 n - 2 potions of heal wounds {unknown}
 o - a potion of invisibility {unknown}
 r - 3 potions of ambrosia {unknown}
 u - a potion of brilliance {unknown}
 v - 3 potions of curing
 w - a potion of cancellation {unknown}
 A - a potion of mutation {unknown}
 D - 2 potions of flight {unknown}
 E - 2 potions of degeneration {unknown}
 H - a potion of haste
 I - a potion of magic {unknown}
Comestibles
 f - 6 rations


   Skills:
 + Level 4.2 Fighting
 + Level 2.0 Long Blades
 + Level 7.3 Bows
 * Level 3.7 Armour
 * Level 4.1 Dodging
 - Level 0.4 Stealth


You had 7 spell levels left.
You didn't know any spells.
Your spell library contained the following spells:

 Spells                   Type           Power        Failure   Level  Hunger
 Magic Dart               Conj           #...         58%         1    ##.....
 Conjure Flame            Conj/Fire      #.......     91%         3    ####...
 Slow                     Hex            #.......     73%         2    ###....
 Mephitic Cloud           Conj/Pois/Air  #.......     91%         3    ####...
 Blink                    Tloc           N/A          73%         2    ###....
 Animate Dead             Necr           N/A          100%        4    #####..
 Pain                     Necr           #...         58%         1    ##.....
 Animate Skeleton         Necr           N/A          58%         1    ##.....
 Vampiric Draining        Necr           #.........   91%         3    ####...
 Call Imp                 Summ           #.......     73%         2    ###....
 Regeneration             Chrm/Necr      #.........   91%         3    ####...


Dungeon Overview and Level Annotations

Branches:
Dungeon (7/15)             Temple (1/1) D:6

Altars:
Ashenzari
Cheibriados
Dithmenos
Fedhas
Gozag
Hepliaklqana
Kikubaaqudgha
Makhleb
Qazlal
Ru
Sif Muna
Trog
Uskayaw
Vehumet
Wu Jian
Xom
Yredelemnul
Zin
The Shining One


Innate Abilities, Weirdness & Mutations

You have hooves in place of feet.
Armour fits poorly on your strangely shaped body.
You cover ground very quickly.
You have extremely tough skin. (AC +3)


Message History

Firing (i - inventory)
d - 84 arrows (quivered)
Press: ? - help, Shift-Dir - straight line, f/p - bullfrog
Aim: a bullfrog You shoot an arrow.
The arrow hits the bullfrog.
The bullfrog is moderately wounded.
You feel sick.
Firing (i - inventory)
d - 83 arrows (quivered)
Press: ? - help, Shift-Dir - straight line, f/p - bullfrog
Aim: a bullfrog (moderately wounded)
You shoot an arrow.
The arrow hits the bullfrog but does no damage.
The bullfrog is moderately wounded.
Firing (i - inventory)
d - 82 arrows (quivered)
Press: ? - help, Shift-Dir - straight line, f/p - bullfrog
Aim: a bullfrog (moderately wounded)
You shoot an arrow. The arrow barely misses the bullfrog.
You feel sick. The bullfrog hits you.
* * * LOW HITPOINT WARNING * * *
The bullfrog hits you.
You die...

#.#.#
#.#.#
#>#.#
#.#.#
#<#.#####
#.......#
##..###.#
#.## #.#
#.# #@#
#.# #F#
#.# #(#
#.###.#
#.#
#....<#
#.#
#.#####
#.# #.#
#(.


You could see a bullfrog.

Vanquished Creatures
  Grinder (D:4)
  An ogre (D:4)
  A necrophage (D:5)
  A water moccasin skeleton (D:6)
  A howler monkey (D:6)
  2 crimson imps
  2 orc priests
  2 hounds (D:6)
  A bullfrog zombie (D:6)
  2 bullfrog skeletons
  2 jellies
  An orc wizard (D:6)
  2 worker ants
  2 worker ant zombies (D:5)
  6 adders
  3 gnolls (D:5)
  A shadow imp (D:6)
  An ooze (D:6)
  2 adder skeletons
  2 worms
  13 dart slugs
  2 leopard geckos
  16 orcs
  3 giant cockroaches
  10 hobgoblins
  2 quokkas
  3 bats
  3 frilled lizards
  8 goblins
  6 kobolds
  5 rats
  2 butterflies (D:6)
109 creatures vanquished.

Vanquished Creatures (others)
  4 toadstools (D:1)
4 creatures vanquished.

Grand Total: 113 creatures vanquished

Notes
Turn   | Place    | Note
-------+----------+-------------------------------------------
     0 | D:1      | Hercules1031 the Centaur Hunter began the quest for the Orb.
     0 | D:1      | Reached XP level 1. HP: 17/17 MP: 1/1
   139 | D:1      | Reached XP level 2. HP: 24/24 MP: 2/2
   748 | D:2      | Reached XP level 3. HP: 29/29 MP: 3/3
   803 | D:2      | Found a hazy altar of Hepliaklqana.
   821 | D:2      | Reached skill level 1 in Armour
   873 | D:2      | Found an ancient bone altar of Kikubaaqudgha.
   907 | D:2      | You fall through a shaft!
   989 | D:2      | Found an opulent altar of Gozag.
  1685 | D:2      | You fall through a shaft!
  1687 | D:3      | Reached XP level 4. HP: 37/37 MP: 4/4
  1819 | D:3      | Found a blossoming altar of Fedhas.
  2127 | D:4      | Noticed Grinder
  2139 | D:4      | Killed Grinder
  2139 | D:4      | Reached skill level 6 in Bows
  2139 | D:4      | Reached XP level 5. HP: 25/45 MP: 5/5
  2139 | D:4      | Reached XP level 6. HP: 29/51 MP: 6/6
  2277 | D:4      | Got a dull robe
  2278 | D:4      | Identified the cursed +0 robe "Deshroqo" {rCorr Int+2} (You found it on level 4 of the Dungeon)
  2292 | D:4      | Found a deep blue altar of Sif Muna.
  2371 | D:4      | Got a faintly humming ring mail
  2372 | D:4      | Identified the +2 ring mail of Aqoyniots {rN++ Slay+3 SInv} (You found it on level 4 of the Dungeon)
  2435 | D:4      | Found a glowing golden altar of the Shining One.
  2444 | D:4      | Found a basalt altar of Yredelemnul.
  2446 | D:4      | Noticed a profane servitor
  2456 | D:4      | Noticed an angel
  2571 | D:5      | Entered Level 5 of the Dungeon
  2689 | D:5      | Reached XP level 7. HP: 57/57 MP: 7/7
  2897 | D:5      | Reached skill level 1 in Long Blades
  3406 | D:6      | Reached skill level 7 in Bows
  3611 | D:6      | Found a staircase to the Ecumenical Temple.
  3758 | Temple   | Entered the Ecumenical Temple
  4002 | Temple   | Became a worshipper of Qazlal Stormbringer
  4169 | D:6      | Reached XP level 8. HP: 66/66 MP: 8/8
  4253 | D:6      | Found a shadowy altar of Dithmenos.
  4330 | D:7      | Slain by a bullfrog

Vault maps used:
D:1:      ldierk_walled_garden_2, minmay_misc_feat_rows, serial_bayou_pond_a
D:2:      overflow_temple_1_default, kiku_gazebo_pond_becter,
          lemuel_crystal_altar, minmay_vboxes
D:3:      fedhas_altar_3, minivault_4
D:4:      grunt_temple_overflow_holy_war, lemuel_blue_sif_altar, first_ration,
          uniq_grinder
D:5:      kennysheep_slugbush
D:6:      kennysheep_little_box, minmay_temple_entry_butterflies
D:7:      okawaru_altar_gauntlet_db, enter_bailey_2
Temple:   chequers_temple_sunken

Skill      XL: |  1  2  3  4  5  6  7  8 |
---------------+-------------------------+-----
Armour         | 1 2 3 |  3.7
Dodging        | 2 3 4 |  4.1
Fighting       | 3 4 |  4.2
Bows           | 6 7 |  7.3
Long Blades    | 1 2 |  2.0
Stealth        | |  0.4

Action                   |  1- 3 |  4- 6 |  7- 9 || total
-------------------------+-------+-------+-------++-------
Melee: Short sword       |     9 |    23 |       ||    32
       Kick              |     1 |     7 |     9 ||    17
       Long sword        |       |     3 |    30 ||    33
 Fire: Shortbow          |    97 |    87 |    95 ||   279
  Use: Potion            |     2 |     1 |       ||     3
       Scroll            |     2 |     4 |     3 ||     9
  Eat: Ration            |     1 |       |     1 ||     2
Armor: Leather armour    |     7 |       |       ||     7
       Scale mail        |    10 |    10 |       ||    20
       Ring mail         |       |     1 |    17 ||    18
Dodge: Dodged            |     9 |    16 |    29 ||    54
       Rpst.: Long sword |       |       |     8 ||     8

Table legend:
 A = Spawn XP
 B = Non-spawn XP
 C = Spawn XP percentage of total XP
 D = Spawn monster count
 E = Non-spawn monster count
 F = Spawn count percentage of total count
 G = Total turns spent on level
                    A         B        C        D         E        F      G
               +---------+---------+-------+---------+---------+-------+---------
         Total |       0 |    1563 |   0.0 |       0 |     107 |   0.0 |  4330
               +---------+---------+-------+---------+---------+-------+---------
           D:1 |       0 |      32 |   0.0 |       0 |      21 |   0.0 |   711
           D:2 |       0 |      64 |   0.0 |       0 |      19 |   0.0 |   966
           D:3 |       0 |      33 |   0.0 |       0 |       9 |   0.0 |   427
           D:4 |       0 |     452 |   0.0 |       0 |      10 |   0.0 |   467
           D:5 |       0 |     431 |   0.0 |       0 |      28 |   0.0 |   819
           D:6 |       0 |     492 |   0.0 |       0 |      18 |   0.0 |   641
           D:7 |       0 |      59 |   0.0 |       0 |       2 |   0.0 |    27
               +---------+---------+-------+---------+---------+-------+---------
